AoeStats
← Typhz

Arena

509257536Analyzed
4v4 RM · 6d ago on Sep 26, 2026· 42m 49s· 8 players
Game mode
Random Map
Map size
Large (8 player)
Population
200
Speed
Normal
Resources
Standard
Victory
Conquest
Starting age
Dark Age
Ending age
Imperial Age
RankedLock teamsTeams togetherTeam positionsShared explorationLock speedFull tech treeHidden civsTurbo modeCheats
Victory
Defeat
🇧🇷 Italians · Brazil
770
+10
🇧🇷 Bohemians · Brazil
719
+12
🇧🇷 Bulgarians · Brazil
681
+14
🇧🇷 Lithuanians · Brazil
674
+14
🇺🇸 Huns · United States
700
-17
🇨🇦 Japanese · Canada
621
-12
🇲🇽 Celts · Mexico
616
-12
🇺🇸 Byzantines · United States
588
-11
FarWhistle86911
11:26 Feudal Age
11:54 Double-Bit Axe
12:48 Wheelbarrow
11:57 Horse Collar
12:11 Gold Mining
22:07 Castle Age
27:12 Thumb Ring
38:18 Squires
38:04 Arson
37:46 Man-at-Arms
WallDestroyer
1:12 Loom
14:17 Feudal Age
14:47 Horse Collar
14:57 Double-Bit Axe
15:51 Wheelbarrow
17:03 Gold Mining
21:39 Castle Age
19:40 Town Watch
23:16 Padded Archer Armor
23:20 Scale Mail Armor
23:31 Forging
23:04 Pikeman
24:27 Stone Mining
29:48 Stone Shaft Mining
34:59 Caravan
35:16 Fletching
35:33 Scale Barding Armor
38:44 Town Patrol
40:38 Chain Mail Armor
42:37 Iron Casting
unknown_ab
6:33 Loom
11:07 Feudal Age
12:32 Horse Collar
12:41 Double-Bit Axe
14:26 Gold Mining
17:47 Stone Mining
24:01 Castle Age
22:08 Man-at-Arms
24:48 Squires
24:19 Long Swordsman
24:52 Elite Skirmisher
28:35 Husbandry
29:24 Wheelbarrow
29:07 Thumb Ring
30:28 Gambesons
31:57 Bow Saw
32:16 Pikeman
35:38 Gold Shaft Mining
38:00 Imperial Age
36:06 Forging
36:03 Scale Barding Armor
38:15 Heavy Camel Rider
39:30 Conscription
39:46 Ballistics
Shadov
0:34 Loom
13:16 Feudal Age
17:31 Castle Age
15:32 Double-Bit Axe
17:17 Wheelbarrow
16:55 Stone Mining
16:51 Horse Collar
17:31 Gold Mining
17:35 Town Watch
19:09 Bow Saw
27:32 Pikeman
28:13 Squires
27:40 Elite Skirmisher
31:26 Thumb Ring
31:12 Arson
31:50 Herbal Medicine
32:07 Fervor
33:40 Caravan
36:15 Crossbowman
37:04 Husbandry
37:16 Bloodlines
Typhz
11:03 Feudal Age
11:48 Double-Bit Axe
11:45 Horse Collar
12:48 Wheelbarrow
13:26 Wheelbarrow
18:21 Castle Age
22:47 Bow Saw
31:21 Imperial Age
29:09 Fletching
31:02 Ballistics
33:24 Chemistry
32:53 Heavy Plow
36:50 Conscription
36:59 Elite Genoese Crossbowman
37:46 Stone Mining
37:49 Gold Mining
39:34 Silk Road
JohnnieWalker
10:36 Feudal Age
13:26 Wheelbarrow
16:44 Castle Age
18:06 Horse Collar
18:23 Double-Bit Axe
20:19 Bow Saw
20:13 Heavy Plow
22:39 Pikeman
23:07 Gambesons
26:15 Hand Cart
26:28 Forging
26:35 Scale Mail Armor
30:56 Imperial Age
30:19 Squires
30:07 Arson
31:09 Iron Casting
31:02 Chain Mail Armor
32:24 Plate Mail Armor
32:54 Blast Furnace
32:03 Gold Mining
32:53 Capped Ram
33:25 Halberdier
34:30 Fletching
35:02 Siege Ram
38:03 Bagains
38:24 Conscription
[taberna] carlos3g
11:24 Feudal Age
11:59 Double-Bit Axe
11:57 Horse Collar
18:45 Castle Age
19:35 Wheelbarrow
19:48 Bow Saw
19:41 Heavy Plow
21:38 Loom
22:18 Town Watch
29:33 Imperial Age
28:11 Hand Cart
30:38 Chemistry
29:59 Ballistics
31:35 Two-Man Saw
30:43 Town Patrol
31:46 Siege Engineers
31:53 Fletching
32:08 Padded Archer Armor
32:39 Conscription
33:26 Bodkin Arrow
33:47 Leather Archer Armor
34:06 Elite Hussite Wagon
35:17 Forging
35:07 Scale Mail Armor
36:04 Pikeman
36:44 Squires
37:43 Wagenburg Tactics
39:17 Chain Mail Armor
TheuzzLivee
12:35 Feudal Age
16:37 Castle Age
15:44 Double-Bit Axe
24:25 Forging
24:21 Scale Barding Armor
31:26 Imperial Age
34:57 Cavalier
41:59 Iron Casting
41:45 Chain Barding Armor
Connection lost

Rejoining the realm…

Still unreachable

The connection could not be restored.

Session expired

The server has moved on; the page needs a fresh start.